 Dungeon Crawl Stone Soup version 0.19-a0-1889-g9c603be (webtiles) character file.

38 taqueso the Twirler (level 3, -3/27 HPs)
             Began as a Demonspawn Gladiator on Oct 18, 2016.
             Slain by a gnoll
             ... wielding a +0 halberd
              (16 damage)
             ... on level 2 of the Dungeon.
             The game lasted 00:02:07 (1025 turns).

taqueso the Twirler (Demonspawn Gladiator)          Turns: 1025, Time: 00:02:07

Health: -3/27      AC:  4    Str: 16    XL:     3   Next: 25%
Magic:  3/3        EV: 12    Int:  9    God:
Gold:   64         SH:  0    Dex: 13    Spells: 0 memorised, 2 levels left

rFire  . . .     SeeInvis .     a - +0 quarterstaff
rCold  + . .     Gourm    .     b - +0 leather armour
rNeg   . . .     Faith    .     (shield currently unavailable)
rPois  .         Spirit   .     c - +0 helmet
rElec  .         Reflect  .     (no cloak)
rCorr  .         Harm     .     (no gloves)
MR     .....                    (no boots)
Stlth  +.........               (no amulet)
                                (no ring)
                                e - ring of wizardry {Wiz+, !d}

@: no status effects
A: cold resistance 1, freezing cloud immunity
a: no special abilities


You were on level 2 of the Dungeon.
You were not hungry.

You visited 1 branch of the dungeon, and saw 2 of its levels.

You collected 64 gold pieces.

Inventory:

Hand Weapons
 a - a +0 quarterstaff (weapon)
Missiles
 d - 3 throwing nets {=f, !d}
 o - 13 poisoned needles
Armour
 b - a +0 leather armour (worn)
 c - a +0 helmet (worn)
Jewellery
 e - a ring of wizardry (left hand) {Wiz+, !d}
   (You found it on level 1 of the Dungeon)
Scrolls
 g - 3 scrolls of identify {unknown}
 h - a scroll of blinking {unknown}
 j - a scroll of magic mapping {unknown}
 m - a scroll of random uselessness {unknown}
 t - a scroll of teleportation {unknown}
 v - a scroll of enchant armour {unknown}
Potions
 k - a potion of degeneration {unknown}
 n - a potion of flight {unknown}
 r - a potion of haste {unknown}
 s - a potion of curing {unknown}
Comestibles
 f - 2 bread rations {@e1}
 i - a beef jerky
 p - a slice of pizza
 q - 4 chunks of flesh {@w0}
 u - 3 fruits


   Skills:
 - Level 2.0 Fighting
 * Level 4.0 Staves
 - Level 1.7 Throwing
 - Level 2.6 Dodging


You had 2 spell levels left.
You didn't know any spells.

Dungeon Overview and Level Annotations

Branches:
Dungeon (2/15)

Altars:


Innate Abilities, Weirdness & Mutations

Your flesh is cold resistant. (rC+)
You are immune to freezing clouds.


Message History

You can't go down here!
Aim: a giant cockroach (clinging)
You throw a stone.
The stone hits the giant cockroach but does no damage.
Aim: a giant cockroach (clinging)
You throw a stone. The stone hits the giant cockroach.
Aim: a giant cockroach (moderately wounded)
You throw a stone.
The stone barely misses the giant cockroach.
The giant cockroach barely misses you.
You hit the giant cockroach.
You kill the giant cockroach!
No target in view!
No target in view!
No target in view!
No target in view!
No target in view!
There is a stone staircase leading down here.
l - a stone
l - 2 stones (gained 1)
l - 3 stones (gained 1) Done exploring.
There is a stone staircase leading down here.
You climb downwards.
Found a glowing dagger.
Found a stone staircase leading up.
There is a stone staircase leading up here.
There is a stone staircase leading up here.
r - a glowing dagger Drop what? 18/52 slots (_ for help) (? for menu, Esc to quit)
You drop a glowing dagger.
Drop what? 17/52 slots (_ for help) (? for menu, Esc to quit)
You drop a dagger of venom.
A ball python comes into view.
The ball python hisses angrily.
Aim: a ball python You throw a stone.
The stone hits the ball python.
Aim: a ball python (severely wounded)
You throw a stone.
The stone hits the ball python but does no damage.
The ball python bites you but does no damage.
The ball python barely misses you.
You hit the ball python.
You kill the ball python!
You have reached level 3!
Your experience leads to an increase in your attributes!
Increase (S)trength, (I)ntelligence, or (D)exterity?
You feel stronger.
Your demonic ancestry asserts itself...
You feel less concerned about cold.
Health restored: 27; MP restored: 3 You butcher the ball python corpse.
q - 4 chunks of flesh {@w0} (gained 2)
l - 2 stones (gained 1)
l - 3 stones (gained 1)
You now have 33 gold pieces (gained 4).
n - a white potion
Found a stone staircase leading down.
r - a lumpy sapphire potion
f - 2 bread rations {@e1} (gained 1)
s - a glowing cyan potion
t - a scroll labeled UFOEMI JIUHER
g - 3 scrolls labeled AWNADO KU GAOF (gained 1)
You now have 47 gold pieces (gained 14).
u - 3 fruits
Found a stone staircase leading down.
v - a scroll labeled TEDUZIETYID You now have 64 gold pieces (gained 17).
A gnoll comes into view. It is wielding a halberd.
The gnoll shouts!
A gnoll comes into view. It is wielding a whip.
There are monsters nearby!
There are monsters nearby!
Aim: a gnoll, wielding a halberd You throw a stone.
The gnoll shouts!
The stone hits the gnoll but does no damage.
A bat and a gnoll come into view.
Aim: a gnoll, wielding a halberd You throw a stone.
The stone barely misses the gnoll.
Aim: a gnoll, wielding a halberd You throw a stone.
The stone hits the gnoll.
The gnoll hits you from afar with a halberd.
You take 6 damage, and have 21/27 hp.
MASSIVE DAMAGE!!
The gnoll shouts!
You open the door. The gnoll hits you with a whip.
You take 4 damage, and have 17/27 hp.
You hit the gnoll. The gnoll barely misses you. The gnoll misses you.
You closely miss the gnoll.
The gnoll hits you from afar with a halberd.
The gnoll hits you with a whip.
You take 5 damage, and have 12/27 hp.
You sock the gnoll!
You kill the gnoll!
Your Staves skill increases to level 4!
The gnoll barely misses you. The gnoll closely misses you.
You see here a whip.
You barely miss the gnoll. The gnoll hits you with a halberd!
Ouch! That really hurt!
You die...

########........####
######..........#
#...............#
#...............#
#...............#
#...............#
##........#'#####
#........#.#
#........#@#
#........#g#
#.........g#
#.......#..#
#########..# #.%#
..>. #...(. #....g.


You could see 2 gnolls.

Vanquished Creatures
  A gnoll (D:2)
  An ooze (D:1)
  2 ball pythons
  A giant cockroach (D:1)
  3 goblins (D:1)
  A hobgoblin (D:1)
  3 jackals (D:1)
  5 bats (D:1)
  6 kobolds (D:1)
  A rat (D:1)
24 creatures vanquished.

Notes
Turn   | Place    | Note
-------+----------+-------------------------------------------
     0 | D:1      | taqueso the Demonspawn Gladiator began the quest for the Orb.
     0 | D:1      | Reached XP level 1. HP: 16/16 MP: 1/1
    65 | D:1      | Reached skill level 3 in Staves
   123 | D:1      | Gained mutation: Your flesh is cold resistant. (rC+) [demonic ancestry]
   123 | D:1      | Reached XP level 2. HP: 22/22 MP: 2/2
   921 | D:2      | Gained mutation: You are immune to freezing clouds. [demonic ancestry]
   921 | D:2      | Reached XP level 3. HP: 27/27 MP: 3/3
  1023 | D:2      | Reached skill level 4 in Staves
  1025 | D:2      | Slain by a gnoll

Vault maps used:
D:1:      co_arrival_square_in_a_square_in_a_square
D:2:      minmay_wonky_spiral, first_bread, uniq_robin

Skill      XL: |  1  2  3 |
---------------+----------+-----
Staves         | 3 4 |  4.0
Fighting       | |  2.0
Throwing       | |  1.7
Dodging        | |  2.6

Action                   || total
-------------------------++-------
Melee: Quarterstaff      ||    52
Throw: Stone             ||    32
Armor: Leather armour    ||    13
Dodge: Dodged            ||    44

Vault maps used:
D:1:      co_arrival_square_in_a_square_in_a_square
D:2:      minmay_wonky_spiral, first_bread, uniq_robin

Table legend:
 A = Turns spent in this place as a percentage of turns spent in the entire game.
 B = Non-inter-level travel turns spent in this place as a percentage of non-inter-level travel turns spent in the entire game.
 C = Inter-level travel turns spent in this place as a percentage of turns spent in this place.
 D = Turns resting spent in this place as a percentage of non-inter-level travel turns spent in this place.
 E = Turns spent auto-exploring this place as a percentage of non-inter-level travel turns spent in this place.
 F = Non-inter-level travel turns spent in this place divided by the number of levels of this place that you've seen.
                   A       B       C       D       E      F
               +-------+-------+-------+-------+-------+----------------------
         Total | 100.0 | 100.0 |   0.9 |   0.9 |  19.0 | 115.5
       Dungeon | 100.0 | 100.0 |   0.9 |   0.9 |  19.0 | 115.5
               +-------+-------+-------+-------+-------+----------------------

Table legend:
 A = Kills in this place as a percentage of kills in entire the game.
 B = Kills by you in this place as a percentage of kills by you in the entire game.
 C = Kills by friends in this place as a percentage of kills by friends in the entire game.
 D = Other kills in this place as a percentage of other kills in the entire game.
 E = Experience gained in this place as a percentage of experience gained in the entire game.
 F = Experience gained in this place divided by the number of levels of this place that you have seen.
                   A       B       C       D       E      F
               +-------+-------+-------+-------+-------+----------------------
         Total | 100.0 | 100.0 |  -nan |  -nan | 100.0 |  27.5
       Dungeon | 100.0 | 100.0 |  -nan |  -nan | 100.0 |  27.5
               +-------+-------+-------+-------+-------+----------------------
